AoeStats
← One Bad Koala

Arabia

510107435Analyzed
1v1 RM · 2d ago on Sep 29, 2026· 16m 57s· 2 players
Game mode
Random Map
Map size
Tiny (2 player)
Population
200
Speed
Normal
Resources
Standard
Victory
Conquest
Starting age
Dark Age
Ending age
Imperial Age
RankedLock teamsTeams togetherTeam positionsShared explorationLock speedFull tech treeHidden civsTurbo modeCheats
Victory
Defeat
🇩🇪 Aztecs · Germany
1048
+16
🇺🇸 Varangians · United States
1045
-16
One Bad Koala
6:36 Loom
9:00 Feudal Age
10:15 Double-Bit Axe
Lottwich
7:08 Loom
10:42 Feudal Age
11:10 Double-Bit Axe
10:47 Man-at-Arms
13:15 Horse Collar
Connection lost

Rejoining the realm…

Still unreachable

The connection could not be restored.

Session expired

The server has moved on; the page needs a fresh start.